AoeStats
← AxingQuestions

Oasis

508774408Analyzed
4v4 RM · 8d ago on Sep 24, 2026· 24m 4s· 8 players
Game mode
Random Map
Map size
Large (8 player)
Population
200
Speed
Normal
Resources
Standard
Victory
Conquest
Starting age
Dark Age
Ending age
Imperial Age
RankedLock teamsTeams togetherTeam positionsShared explorationLock speedFull tech treeHidden civsTurbo modeCheats
Victory
Defeat
🇲🇽 Varangians · Mexico
1354
+10
🇲🇽 Franks · Mexico
1188
+16
🇲🇽 Romans · Mexico
1118
+19
🇲🇽 Magyars · Mexico
1116
+19
🇺🇸 Saxons · United States
1224
-17
🇺🇸 Vikings · United States
1220
-17
🇲🇽 Cumans · Mexico
1185
-16
🇺🇸 Ethiopians · United States
1143
-14
BeetleScarab289
7:35 Loom
10:06 Feudal Age
10:11 Man-at-Arms
13:39 Double-Bit Axe
14:52 Wheelbarrow
21:21 Castle Age
19:53 Forging
19:45 Scale Mail Armor
19:28 Horse Collar
19:52 Gold Mining
20:26 Arson
23:33 Iron Casting
23:14 Chain Mail Armor
AxingQuestions
6:48 Loom
9:56 Feudal Age
11:21 Town Watch
11:16 Man-at-Arms
12:42 Scale Mail Armor
13:59 Double-Bit Axe
14:30 Horse Collar
21:44 Castle Age
22:29 Scale Barding Armor
22:55 Bow Saw
22:48 Heavy Plow
thriftypete
7:30 Loom
9:29 Feudal Age
10:27 Double-Bit Axe
14:15 Wheelbarrow
16:46 Fletching
22:07 Castle Age
19:51 Horse Collar
TíoHo Tlaltecuhtli
3:49 Loom
10:37 Feudal Age
12:47 Double-Bit Axe
15:57 Fletching
20:02 Castle Age
20:46 Wheelbarrow
21:44 Gold Mining
23:40 Padded Archer Armor
24:06 Bow Saw
Alarcón
9:19 Loom
11:07 Feudal Age
12:15 Double-Bit Axe
20:22 Wheelbarrow
22:53 Castle Age
22:20 Stone Mining
22:14 Horse Collar
24:35 Hand Cart
Angry (Achmed)
4:01 Loom
10:50 Feudal Age
17:02 Scale Barding Armor
22:17 Castle Age
22:02 Forging
22:19 Double-Bit Axe
Sindicato de Granjeros
6:32 Loom
10:17 Feudal Age
19:54 Wheelbarrow
21:53 Castle Age
20:09 Bloodlines
20:07 Horse Collar
20:14 Double-Bit Axe
21:36 Scale Barding Armor
21:35 Gold Mining
25:15 Gold Shaft Mining
B3lt0f
10:44 Feudal Age
8:59 Loom
15:15 Scale Mail Armor
15:00 Man-at-Arms
18:51 Castle Age
17:16 Forging
18:19 Gold Mining
18:17 Double-Bit Axe
19:58 Chain Mail Armor
20:03 Squires
19:54 Long Swordsman
22:23 Iron Casting
Connection lost

Rejoining the realm…

Still unreachable

The connection could not be restored.

Session expired

The server has moved on; the page needs a fresh start.